 Seeded DCSS version 0.30-a0-242-g7bf8e6d787 (webtiles) character file.

Game seed: 11836800648259413034 (custom seed)

184 Hubris850 the Stinger (level 5, -1/28 HPs)
             Began as a Tengu Venom Mage on Oct 11, 2022.
             Was an Initiate of Makhleb.
             Slain by Duvessa
             ... wielding a +3 short sword
              (15 damage)
             ... on level 4 of the Dungeon.
             The game lasted 00:08:45 (2156 turns).

Hubris850 the Stinger (Tengu Venom Mage)            Turns: 2156, Time: 00:08:46

Health: -1/28      AC:  8    Str:  9    XL:     5   Next: 64%
Magic:  5/10       EV: 23    Int: 15    God:    Makhleb [......]
Gold:   142        SH:  0    Dex: 16    Spells: 1/9 levels left

rFire   + + .      SeeInvis .    h - +8 great sword of the Beginning {vorpal, rF++}
rCold   . . .      Faith    .    (shield currently unavailable)
rNeg    . . .      Spirit   .    a - +0 robe
rPois   .          Reflect  .    (helmet restricted)
rElec   .          Harm     .    g - +0 cloak
rCorr   .          Rampage  .    i - +0 pair of gloves {infuse}
Will    .....                    (boots unavailable)
Stlth   ++........               (no amulet)
HPRegen 0.24/turn                j - ring of the Hare {EV+8}
MPRegen 0.12/turn                n - +4 ring of protection

@: flying quickly and evasively, quick
A: beak, talons 3, nimble flight
a: Renounce Religion


You were on level 4 of the Dungeon.
You worshipped Makhleb.
Makhleb was noncommittal.
You visited 1 branch of the dungeon, and saw 4 of its levels.

You collected 142 gold pieces.

Inventory:

Hand Weapons
 h - the +8 great sword of the Beginning (weapon) {vorpal, rF++}
   (You acquired it on level 1 of the Dungeon)

   It inflicts extra damage upon your enemies.
   rF:        It greatly protects you from fire.
Missiles
 k - 5 poisoned darts
 q - 2 boomerangs
 s - a curare-tipped dart
Armour
 a - a +0 robe (worn)
 d - a +0 buckler
 g - a +0 cloak (worn)
 i - a +0 pair of gloves of infusion (worn)
 r - the +1 robe of Action {-Cast rF+ Str+7}
   (You found it on level 3 of the Dungeon)

   Str:       It affects your strength (+7).
   rF:        It protects you from fire.
   -Cast:     It prevents spellcasting.
Jewellery
 j - the ring of the Hare (left hand) {EV+8}
   (You acquired it on level 1 of the Dungeon)

   [ring of evasion]

   EV:        It affects your evasion (+8).
 n - a +4 ring of protection (right hand)
Scrolls
 m - a scroll of enchant weapon {unknown}
 o - a scroll of teleportation {unknown}
Potions
 b - a potion of magic
 c - a potion of flight {unknown}
 e - 3 potions of brilliance {unknown}
 f - 3 potions of heal wounds {unknown}
 l - a potion of curing {unknown}
 p - a potion of might {unknown}


   Skills:
 + Level 1.4 Long Blades
 + Level 3.1 Dodging
 + Level 2.8 Stealth
 + Level 2.7 Spellcasting
 + Level 0.9 Translocations
 + Level 1.6 Transmutations
 + Level 1.7 Air Magic
 + Level 3.4 Poison Magic


You had one spell level left.
You knew the following spells:

 Your Spells              Type           Power      Damage    Failure   Level
a - Sting                 Tmut/Pois      36%        1d4       7%          1
b - Vhi's Electric Charg  Tloc/Air       12%        N/A       34%         3
c - Olgreb's Toxic Radia  Pois           12%        N/A       43%         4

Your spell library contained the following spells:

 Spells                   Type           Power      Damage    Failure   Level
 Poisonous Vapours        Pois/Air       18%        N/A       11%         2
 Static Discharge         Conj/Air       8%         2-3/arc   22%         2
 Sublimation of Blood     Necr           2%         N/A       30%         2
 Mephitic Cloud           Conj/Pois/Air  7%         N/A       30%         3
 Petrify                  Tmut/Erth      4%         N/A       82%         4
 Arcjolt                  Conj/Air       2%         1d12      98%         5
 Lightning Bolt           Conj/Air       2%         1d13      98%         5
 Irradiate                Conj/Tmut      2%         3d12      99%         5


Dungeon Overview and Level Annotations

Branches:
Dungeon (4/15)
 Temple: D:4-7

Altars:
Makhleb

Annotations:
D:4 Duvessa


Innate Abilities, Weirdness & Mutations

You have a beak for a mouth.
You have claws for feet.
Your magical nature lets you fly swiftly and evasively.


Message History

You throw a curare-tipped dart. The curare-tipped dart hits Dowan.
Dowan looks as sick as possible!
Dowan convulses.
Dowan seems to slow down.
Dowan is severely wounded.
Throw: 3 darts (curare)
Press: ? - help, Shift-Dir - straight line, f/p - Dowan
Aim: Dowan, wielding a +0 dagger and wearing a +0 robe (severely wounded, extremely poisoned, slow, 48% to hit)
You throw a curare-tipped dart.
The curare-tipped dart barely misses Duvessa.
The curare-tipped dart hits Dowan.
Dowan looks as sick as possible!
Dowan convulses.
You kill Dowan!
Makhleb accepts your kill.
Duvessa screams, "No!
How DARE you!"
Duvessa goes berserk!
Duvessa rages.
Throw: 2 darts (curare)
Press: ? - help, Shift-Dir - straight line, f - Duvessa
Aim: Duvessa, wielding a +3 short sword and wearing a +0 leather armour (lightly wounded, berserk, poisoned, 63% to hit)
You throw a curare-tipped dart. The curare-tipped dart hits Duvessa.
Duvessa looks even sicker.
Duvessa convulses.
Duvessa seems to slow down.
Duvessa is lightly wounded.
Throw: 6 darts (poison)
Press: ? - help, Shift-Dir - straight line, f/p - Duvessa
Aim: Duvessa, wielding a +3 short sword and wearing a +0 leather armour (lightly wounded, berserk, very poisoned, slow, 63% to hit)
You throw a poisoned dart.
The poisoned dart closely misses Duvessa.
You completely miss Duvessa. You claw Duvessa, but do no damage.
Your peck misses Duvessa.
Duvessa is moderately wounded.
Duvessa closely misses you.
You barely miss Duvessa. You claw Duvessa. You peck Duvessa, but do no damage.
Duvessa is moderately wounded.
Duvessa hits you with a +3 short sword! Duvessa misses you.
You closely miss Duvessa.
Duvessa is moderately wounded.
Duvessa hits you with a +3 short sword. Duvessa hits you with a +3 short sword!
Ouch! That really hurt!
You die...

#....# #.....##....# #....##
#...........# #.....#
#...........#
#.....########...........#
##.##............#..........
#.##....##################..
#.....#.# #
########.#.##############
.........#((((.e@.......#
#######################.#
#........# #.# #.######.#
#.# #.# #.# #†# #.# #.# #.#
#.# #.####.# #.# #......#
###########.# ########


You could see Duvessa (berserk, very poisoned, slow).

Vanquished Creatures
  Dowan (D:4)
  A hound (D:4)
  Robin (D:1)
  3 adders (D:2)
  A worm (D:2)
  3 dart slugs
  2 endoplasms
  A giant cockroach (D:1)
  14 goblins
  7 hobgoblins
  A quokka (D:1)
  7 ball pythons
  7 bats
  2 frilled lizards (D:1)
  3 kobolds
  7 rats
61 creatures vanquished.

Notes
Turn   | Place    | Note
-------+----------+-------------------------------------------
     0 | D:1      | Hubris850 the Tengu Venom Mage began the quest for the Orb.
     0 | D:1      | Reached XP level 1. HP: 10/10 MP: 4/4
   212 | D:1      | Reached skill level 1 in Transmutations
   212 | D:1      | Reached XP level 2. HP: 15/15 MP: 3/6
   273 | D:1      | Identified 3 scrolls of acquirement
   273 | D:1      | Acquired a +0 pair of gloves of infusion
   280 | D:1      | Acquired the ring of the Hare {EV+8}
   280 | D:1      | Found the ring of the Hare {EV+8}
   283 | D:1      | Acquired the +8 great sword of the Beginning {vorpal, rF++}
   467 | D:1      | Found a faded altar of an unknown god.
   601 | D:1      | Reached XP level 3. HP: 19/19 MP: 3/7
   824 | D:2      | Noticed Robin
   837 | D:1      | Killed Robin
   850 | D:1      | Learned a level 3 spell: Vhi's Electric Charge
   973 | D:2      | Reached XP level 4. HP: 24/24 MP: 4/8
  1464 | D:2      | Reached skill level 1 in Long Blades
  1540 | D:2      | Reached skill level 1 in Air Magic
  1869 | D:3      | Identified the +1 robe of Action {-Cast rF+ Str+7}
  1951 | D:3      | Found a burning altar of Makhleb.
  1982 | D:3      | Became a worshipper of Makhleb the Destroyer
  2059 | D:4      | Learned a level 4 spell: Olgreb's Toxic Radiance
  2134 | D:4      | Gained mutation: Your magical nature lets you fly swiftly
                  | and evasively. [Tengu growth]
  2134 | D:4      | Reached XP level 5. HP: 28/28 MP: 7/10
  2144 | D:4      | Noticed Dowan
  2148 | D:4      | Noticed Duvessa
  2151 | D:4      | Killed Dowan
  2156 | D:4      | Slain by Duvessa

Illustrated notes

Levels and vault maps discovered:
D:1:      minmay_arrival_nine_rooms, layout_rooms,
          dreamdust_ecumenical_altar_hidden_monk_grotto
D:2:      layout_loops_ring, minmay_strange_pillars, uniq_robin
D:3:      layout_basic, lightli_temple_of_fire
D:4:      layout_basic, mainiacjoe_overflow_cross_hatched, portal_sewer_entry_e,
          uniq_duvessa

Skill      XL: |  1  2  3  4 |
---------------+-------------+-----
Transmutations | 1 |  1.6
Long Blades    | 1 |  1.4
Air Magic      | 1 |  1.7
Dodging        | 3 |  3.1
Stealth        | |  2.8
Spellcasting   | |  2.7
Translocations | |  0.9
Poison Magic   | |  3.4

Action                   |  1- 3 |  4- 6 || total
-------------------------+-------+-------++-------
Melee: Unarmed           |    10 |       ||    10
       Kick              |     6 |     5 ||    11
       Great sword       |    36 |    37 ||    73
       Peck              |     1 |     6 ||     7
Throw: Dart              |       |     4 ||     4
 Cast: Sting             |    14 |       ||    14
       Olgreb's Toxic Ra |       |     1 ||     1
  Use: Scroll            |     3 |       ||     3
 Stab: Sleeping          |     2 |     4 ||     6
       Distracted        |       |     2 ||     2
Armor: Robe              |    12 |     7 ||    19
Dodge: Dodged            |    55 |    37 ||    92

Table legend: (Time is in decaauts)
 A = Elapsed time spent in this place.
 B = Non-inter-level travel time spent in this place.
 C = Inter-level travel time spent in this place.
 D = Time resting spent in this place.
 E = Time spent auto-exploring this place.
 F = Levels seen in this place.
 G = Mean time per level.
                   A        B        C        D        E       F      G
               +--------+--------+--------+--------+--------+-----+--------+
         Total |   2202 |   2104 |     98 |     47 |   1508 |   4 |  550.5 |
       Dungeon |   2202 |   2104 |     98 |     47 |   1508 |   4 |  550.5 |
               +--------+--------+--------+--------+--------+-----+--------+

Top non-repeatable levels by time:
     D:1: 927 daAuts
     D:2: 850 daAuts
     D:3: 296 daAuts
     D:4: 127 daAuts
